Map: 2000 Atmospheres LE

Players

Reynor

  • Race: Zerg Zerg
  • League: Master

Neeblet (Neeb) - Winner!

  • Race: Protoss Protoss

VOD

Have the link to the VOD?

Description

Time

  • Played on: Oct. 21, 2021, 11:08 a.m.
  • Length: 16:47
Show
View Real Time Build Order
Export as new Build Order

Reynor Zerg 

Build Orders: Hatch First 

Get SALT Encoding   

  12  0:00  Drone  
  13  0:11  Overlord  
  13  0:16  Drone  
  14  0:30  Drone x2  
  16  0:49  Hatchery  
  15  0:51  Drone  
  15  0:55  Drone  
  17  0:58  Drone  
  18  1:09  Extractor  
  17  1:14  Spawning Pool  
  17  1:18  Drone  
  17  1:21  Drone  
  18  1:27  Drone  
  19  1:38  Drone  
  20  1:50  Overlord  
  20  2:00  Queen  
  20  2:01  Queen, Drone x2  
  26  2:11  Drone  
  26  2:12  Drone  
  28  2:20  Drone  
  29  2:23  Drone  
  29  2:28  Metabolic Boost  
  30  2:33  Hatchery  
  30  2:35  Drone  
  30  2:39  Drone  
  31  2:44  Queen  
  31  2:49  Overlord  
  33  2:51  Zergling x2  
  33  2:54  Zergling x2  
  33  2:56  Drone  
  36  3:07  Drone x2  
  36  3:08  Overlord  
  36  3:10  Drone x2  
  36  3:12  Queen  
  42  3:16  Overlord  
  42  3:18  Zergling x2  
  43  3:26  Queen  
  45  3:27  Drone  
  45  3:28  Drone  
  47  3:37  Overlord  
  47  3:39  Overlord  
  47  3:46  Drone  
  47  3:47  Queen  
  50  3:48  Drone x2  
  50  3:50  Queen  
  50  3:54  Drone x2  
  50  3:55  Drone  
  57  3:57  Overlord  
  57  4:01  Drone x2  
  59  4:06  Queen  
  59  4:09  Spore Crawler, Drone  
  61  4:11  Drone  
  61  4:13  Drone  
  61  4:17  Evolution Chamber  
  62  4:22  Spore Crawler  
  61  4:25  Drone x5  
  61  4:29  Drone x2  
  65  4:34  Drone  
  66  4:41  Drone x5  
  66  4:44  Zerg Melee Weapons Level 1  
  71  4:48  Overlord  
  71  4:49  Drone x2  
  71  4:51  Drone x2  
  75  4:54  Spore Crawler  
  75  4:57  Zergling x2  
  75  4:58  Spore Crawler  
  74  5:00  Drone x2  
  74  5:05  Drone  
  74  5:06  Extractor  
  76  5:07  Extractor  
  76  5:09  Drone  
  76  5:11  Drone  
  76  5:13  Drone  
  78  5:15  Lair  
  78  5:16  Drone x2  
  78  5:17  Drone  
  78  5:18  Hatchery  
  78  5:20  Queen  
  82  5:22  Overlord  
  82  5:25  Drone  
  82  5:26  Drone  
  82  5:27  Drone  
  82  5:28  Zergling x2  
  85  5:29  Zergling x2  
  85  5:30  Zergling x2  
  85  5:31  Drone  
  85  5:34  Overlord  
  88  5:36  Zergling x2  
  88  5:39  Overlord  
  89  5:44  Zergling x2  
  89  5:45  Zergling x4  
  89  5:48  Overlord  
  89  5:49  Drone x4  
  87  5:52  Drone  
  87  5:54  Drone  
  85  5:59  Drone  
  85  6:01  Drone  
  85  6:03  Drone  
  88  6:08  Drone  
  88  6:10  Roach Warren  
  88  6:12  Extractor  
  88  6:13  Extractor, Drone x2  
  88  6:14  Extractor, Drone x2  
  88  6:15  Drone x3  
  92  6:20  Overlord  
  92  6:24  Drone x4  
  96  6:26  Drone  
  96  6:28  Evolution Chamber  
  96  6:29  Baneling Nest, Drone  
  96  6:30  Drone  
  96  6:32  Drone  
  97  6:40  Zerg Melee Weapons Level 2  
  97  6:41  Drone  
  97  6:42  Drone x2  
  97  6:44  Spore Crawler, Drone  
  97  6:46  Spore Crawler  
  98  6:49  Drone x4  
  98  6:50  Glial Reconstitution  
  98  6:53  Roach  
  98  6:54  Roach x7  
  118  7:02  Overlord  
  118  7:03  Roach, Zergling x4  
  118  7:06  Drone  
  119  7:10  Drone  
  119  7:13  Overlord  
  119  7:15  Drone x2  
  122  7:24  Zerg Missile Weapons Level 1  
  122  7:25  Roach x2, Zergling x14  
  122  7:26  Overlord  
  133  7:33  Roach x2, Zergling x8  
  141  7:41  Roach x3, Zergling x6  
  141  7:43  Centrifugal Hooks  
  150  7:44  Drone  
  150  7:46  Ravager, Infestation Pit  
  150  7:49  Zergling x4  
  150  7:50  Zergling x12  
  159  7:52  Overlord  
  159  7:56  Overlord x2  
  159  8:00  Overlord  
  159  8:04  Spore Crawler, Drone  
  159  8:06  Overlord  
  159  8:13  Zergling x2  
  159  8:14  Zergling x10  
  159  8:15  Ravager x4  
  159  8:16  Baneling x16  
  159  8:18  Zergling x14  
  176  8:21  Zergling x8  
  176  8:24  Zergling x2  
  176  8:26  Spore Crawler  
  180  8:27  Roach  
  180  8:29  Zergling x2  
  180  8:32  Zergling x2  
  181  8:38  Roach, Zergling x4  
  181  8:39  Zergling x6  
  186  8:41  Queen  
  186  8:43  Hive  
  186  8:45  Baneling x10  
  186  8:46  Zergling x12  
  192  8:54  Drone x4  
  196  8:56  Extractor  
  196  9:02  Baneling  
  195  9:03  Baneling x13  
  195  9:06  Zergling x16  
  193  9:13  Zergling x2  
  193  9:14  Zergling x8  
  193  9:17  Baneling x15  
  198  9:31  Zergling x22  
  193  9:36  Queen, Roach  
  175  9:42  Roach x2, Zergling x6  
  175  9:43  Zergling x2  
  171  9:46  Roach x3, Zergling x8  
  171  9:48  Baneling  
  164  9:53  Zergling x2  
  164  9:56  Roach  
  164  9:57  Zergling x4  
  157  10:04  Zergling x2  
  157  10:06  Roach  
  151  10:08  Zergling x4  
  151  10:09  Ravager  
  151  10:10  Baneling x12  
  153  10:14  Drone  
  153  10:19  Drone  
  153  10:34  Baneling x5  
  151  10:37  Spine Crawler  
  151  10:38  Zergling x24  
  151  10:39  Hatchery  
  151  10:40  Spine Crawler  
  153  10:49  Zergling x12  
  157  10:50  Zergling x4  
  157  10:51  Zergling x2  
  154  10:58  Ravager  
  154  11:00  Drone x3  
  154  11:02  Zerg Melee Weapons Level 3, Adrenal Glands  
  157  11:04  Zergling x6  
  157  11:08  Baneling x8  
  158  11:12  Spore Crawler, Zergling x10  
  158  11:14  Baneling x3  
  158  11:16  Drone  
  158  11:18  Drone  
  164  11:20  Drone  
  164  11:24  Queen  
  168  11:25  Drone x2  
  168  11:26  Drone x2  
  168  11:29  Spire, Zergling x4  
  173  11:32  Zergling x2  
  173  11:33  Zergling x6  
  159  11:45  Drone x6  
  162  11:52  Extractor  
  162  11:54  Baneling x12  
  160  11:56  Zergling x16  
  168  12:01  Drone  
  168  12:02  Drone x3  
  168  12:03  Zergling x4  
  168  12:06  Zergling x8  
  178  12:08  Overseer  
  178  12:10  Zergling x2  
  178  12:12  Queen x2  
  183  12:25  Zergling x20  
  183  12:29  Baneling x23  
  192  12:35  Drone x2  
  192  12:36  Drone x2  
  192  12:37  Zergling x2, Extractor, Drone  
  197  12:38  Zergling x4  
  197  12:43  Pneumatized Carapace  
  174  13:08  Zergling x30  
  174  13:11  Corruptor x3  
  174  13:12  Zergling x8  
  166  13:19  Corruptor x3  
  154  13:20  Zergling x4  
  154  13:24  Roach  
  154  13:25  Roach x2, Zergling x2  
  155  13:31  Roach x3  
  155  13:32  Zergling x2  
  155  13:33  Queen  
  141  13:35  Zergling x8  
  141  13:36  Ravager x4  
  137  13:43  Roach  
  137  13:46  Queen, Roach x4  
  145  13:53  Spore Crawler  
  144  14:00  Queen  
  144  14:02  Spire  
  145  14:05  Drone x3  
  145  14:09  Hatchery  
  147  14:10  Zergling x14  
  147  14:12  Baneling x7  
  154  14:19  Roach x2, Zergling x4  
  160  14:29  Zergling x6  
  160  14:30  Zergling x8  
  160  14:40  Baneling x7  
  143  14:48  Extractor  
  143  14:49  Extractor, Zergling x12  
  143  14:51  Queen  
  142  15:00  Roach x6  
  142  15:01  Roach  
  142  15:04  Roach  
  156  15:08  Baneling  
  156  15:09  Baneling x10  
  156  15:13  Roach  
  156  15:14  Roach x5  
  168  15:15  Baneling x7  
  168  15:19  Queen  
  167  15:23  Corruptor  
  153  15:29  Corruptor x2  
  153  15:32  Zergling x2  
  153  15:33  Zergling x14  
  151  15:37  Corruptor  
  151  15:39  Corruptor  
  151  15:42  Corruptor  
  150  15:44  Zergling x4  
  154  15:56  Corruptor x2  
  157  16:03  Overseer  
  155  16:09  Viper  
  155  16:10  Roach  
  144  16:20  Roach x2  
  144  16:21  Roach x2  
  149  16:27  Ravager  
  149  16:28  Ravager x2, Zergling x10  
  149  16:32  Ravager  
Show
View Real Time Build Order
Export as new Build Order

Neeblet Protoss - Winner!

Build Orders: 1 Gate Expand, Oracle Opening, Carriers, Zealot Archon 

Get SALT Encoding   

  12  0:00  Probe  
  13  0:12  Probe  
  14  0:19  Pylon  
  14  0:24  Probe  
  15  0:37  Probe (Chrono Boost)  
  15  0:39  Gateway  
  16  0:46  Probe (Chrono Boost)  
  16  0:49  Assimilator  
  17  0:52  Probe  
  19  1:04  Probe  
  19  1:16  Probe  
  20  1:26  Nexus  
  20  1:35  Cybernetics Core  
  20  1:39  Probe  
  21  1:44  Assimilator  
  21  1:51  Probe  
  21  1:52  Pylon  
  22  2:03  Probe (Chrono Boost)  
  23  2:11  Adept  
  23  2:14  Probe (Chrono Boost)  
  26  2:18  Probe (Chrono Boost)  
  27  2:24  Stargate  
  27  2:29  Probe (Chrono Boost)  
  28  2:32  Warp Gate  
  28  2:39  Probe (Chrono Boost)  
  28  2:40  Probe (Chrono Boost)  
  28  2:41  Adept  
  32  2:48  Probe x2 (Chrono Boost)  
  34  2:53  Probe (Chrono Boost)  
  34  2:56  Probe  
  36  3:00  Void Ray (Chrono Boost)  
  36  3:05  Gateway, Probe  
  37  3:08  Probe  
  42  3:14  Pylon  
  42  3:17  Probe  
  43  3:20  Probe  
  43  3:22  Adept  
  46  3:32  Probe x2  
  48  3:35  Oracle (Chrono Boost)  
  48  3:40  Pylon  
  51  3:44  Probe x2  
  53  3:53  Nexus  
  53  3:56  Probe  
  53  3:59  Probe  
  53  4:01  Pylon  
  55  4:09  Oracle (Chrono Boost), Probe  
  58  4:12  Probe  
  58  4:15  Assimilator  
  58  4:16  Assimilator  
  59  4:21  Probe  
  60  4:24  Probe  
  61  4:33  Adept x2, Probe  
  61  4:35  Pylon  
  61  4:36  Probe  
  67  4:43  Pylon  
  67  4:44  Oracle (Chrono Boost)  
  70  4:53  Probe x2  
  70  4:58  Robotics Facility  
  70  4:59  Pylon  
  72  5:00  Forge  
  72  5:03  Adept  
  72  5:04  Adept  
  72  5:05  Probe x3  
  79  5:10  Pylon  
  79  5:18  Gateway  
  79  5:19  Probe  
  79  5:20  Probe  
  79  5:21  Gateway  
  81  5:24  Probe  
  82  5:31  Probe  
  82  5:32  Shield Battery  
  82  5:33  Sentry x2  
  87  5:39  Probe  
  87  5:42  Immortal (Chrono Boost)  
  88  5:44  Probe  
  88  5:47  Probe  
  92  5:51  Probe (Chrono Boost)  
  92  5:52  Protoss Ground Weapons Level 1  
  88  5:57  Probe (Chrono Boost)  
  88  5:59  Probe (Chrono Boost)  
  88  6:03  Probe (Chrono Boost)  
  86  6:05  Robotics Bay  
  86  6:07  Twilight Council  
  86  6:08  Assimilator, Probe (Chrono Boost)  
  86  6:10  Probe (Chrono Boost)  
  88  6:11  Probe (Chrono Boost)  
  88  6:12  Assimilator, Zealot x3  
  88  6:13  Probe (Chrono Boost)  
  88  6:14  Observer (Chrono Boost)  
  88  6:15  Zealot  
  88  6:18  Probe  
  100  6:31  Gateway  
  100  6:32  Gateway, Warp Prism (Chrono Boost)  
  102  6:34  Gateway  
  102  6:36  Gateway  
  102  6:41  Charge (Chrono Boost)  
  102  6:47  Templar Archives  
  102  6:49  Gateway, Photon Cannon  
  102  6:51  Gateway  
  102  7:01  Disruptor  
  102  7:07  Zealot x4  
  113  7:11  Pylon  
  113  7:12  Pylon, Nexus  
  113  7:14  Pylon  
  113  7:19  Probe x2  
  113  7:20  Probe  
  113  7:31  Probe  
  113  7:33  Probe  
  113  7:35  High Templar x4  
  113  7:36  Disruptor, Zealot x3  
  129  7:38  Photon Cannon  
  129  7:40  Archon  
  129  7:41  Photon Cannon, Archon  
  132  7:46  Photon Cannon  
  132  7:48  Shield Battery  
  132  7:50  High Templar x2  
  136  7:52  Zealot  
  136  7:54  Archon  
  136  7:55  Probe x2  
  140  8:01  Assimilator  
  140  8:02  Assimilator  
  140  8:07  Pylon  
  140  8:08  Protoss Ground Weapons Level 2 (Chrono Boost)  
  140  8:10  Pylon  
  140  8:12  Pylon  
  140  8:17  Photon Cannon, Pylon  
  140  8:20  Photon Cannon  
  140  8:21  Shield Battery  
  140  8:23  Disruptor  
  140  8:25  Zealot x3  
  143  8:42  High Templar x2  
  143  8:45  Photon Cannon  
  143  8:47  Photon Cannon  
  147  8:49  Archon  
  147  8:51  High Templar x2, Photon Cannon  
  147  8:52  Zealot x6  
  163  8:56  Archon  
  163  9:05  Probe  
  163  9:06  Probe x2  
  146  9:11  Probe  
  146  9:12  Zealot x3  
  146  9:13  Zealot x3  
  159  9:17  Disruptor (Chrono Boost)  
  159  9:18  High Templar x2  
  159  9:22  Archon  
  166  9:38  Zealot x7  
  165  9:41  Probe x2  
  165  9:44  Probe  
  152  9:49  Probe  
  152  9:50  Disruptor (Chrono Boost)  
  150  9:54  Fleet Beacon  
  150  9:55  Stargate  
  150  9:56  Stargate  
  148  10:01  Pylon  
  148  10:02  High Templar x2  
  148  10:05  Protoss Air Weapons Level 1  
  148  10:06  Zealot x3  
  150  10:09  Archon  
  150  10:11  Shield Battery  
  150  10:12  Shield Battery  
  140  10:15  Shield Battery  
  140  10:19  High Templar x2, Zealot x3  
  144  10:24  Archon  
  144  10:30  Disruptor (Chrono Boost)  
  145  10:37  Photon Cannon  
  145  10:38  Zealot x3  
  145  10:39  Shield Battery  
  145  10:40  Probe  
  125  10:43  Probe x3  
  125  10:49  Carrier x2 (Chrono Boost)  
  124  10:52  Probe  
  124  10:56  Carrier (Chrono Boost)  
  143  11:07  Probe  
  143  11:11  High Templar x2, Zealot x2  
  148  11:12  Zealot x2  
  148  11:15  Pylon, Probe  
  148  11:17  Archon, Probe  
  158  11:23  Sentry  
  158  11:24  Zealot, Sentry  
  164  11:30  Probe x2  
  166  11:38  Zealot x5  
  172  11:52  Protoss Ground Weapons Level 3 (Chrono Boost)  
  170  11:56  Pylon  
  170  11:59  High Templar x4  
  170  12:00  Pylon, Zealot  
  180  12:03  Archon x2, Pylon  
  180  12:29  High Templar  
  180  12:30  High Templar x3, Zealot x2  
  180  12:34  Archon  
  190  12:45  High Templar x2, Archon, Zealot x2  
  190  12:49  Archon  
  198  12:57  Nexus  
  198  13:03  Protoss Air Weapons Level 2 (Chrono Boost)  
  187  13:12  Carrier (Chrono Boost)  
  141  13:17  Zealot x8  
  141  13:18  Zealot x2  
  165  13:21  Carrier (Chrono Boost)  
  157  13:28  Carrier (Chrono Boost)  
  157  13:31  Probe x2  
  145  13:54  Dark Shrine  
  141  14:03  Disruptor (Chrono Boost)  
  141  14:09  Carrier, Pylon  
  150  14:11  Assimilator  
  150  14:12  Zealot x10  
  150  14:15  Assimilator  
  168  14:19  Carrier  
  171  14:34  High Templar x4, Zealot x3  
  171  14:35  Zealot x3  
  186  14:39  Archon  
  186  14:40  Archon  
  186  14:47  Nexus  
  174  14:53  Pylon  
  174  14:55  High Templar x2, Warp Prism (Chrono Boost)  
  174  14:56  High Templar x2, Zealot x2  
  174  14:59  Archon x2  
  180  15:10  Nexus  
  180  15:12  Zealot x4  
  180  15:31  Dark Templar x2  
  171  15:42  Photon Cannon  
  171  15:47  Disruptor (Chrono Boost)  
  165  15:52  High Templar  
  165  15:53  High Templar  
  165  15:54  Zealot, Sentry  
  165  15:55  Zealot x3  
  180  15:58  Archon  
  178  16:04  Assimilator  
  178  16:05  Assimilator  
  178  16:15  Zealot x2  
  178  16:16  Zealot x3  
  185  16:20  Zealot x2  
  183  16:32  High Templar  
  183  16:33  High Templar  
  183  16:37  High Templar x2, Archon, Sentry  
  183  16:38  Zealot x2  
  197  16:43  Archon  
Tags
 
Add a new tag
Caveats
  • Supply blocks, unpowered buildings, or Contaminate may cause inaccurate times.
  • Supply counts are checked every 10 seconds.